 Dungeon Crawl Stone Soup version 0.18.1-50-g88ac8fd (webtiles) character file.

301282 theElss the Peltast (level 21, -7/142 HPs)
             Began as a Gargoyle Berserker on Oct 26, 2016.
             Was the Champion of Trog.
             Killed by the air
             ... invoked by a spriggan air mage
             ... led by the Enchantress
              (23 damage)
             ... on level 1 of the Depths on Oct 27, 2016.
             The game lasted 03:01:02 (47690 turns).

theElss the Peltast (Gargoyle Berserker)           Turns: 47690, Time: 03:01:04

Health: -7/142     AC: 45    Str: 31    XL:     21   Next: 3%
Magic:  1/30       EV: 18    Int: 12    God:    Trog [******]
Gold:   2910       SH: 20    Dex: 19    Spells: 0 memorised, 20 levels left

rFire  + . .     SeeInvis +     a - +11 morningstar "Eos" {elec, -Tele rElec SInv}
rCold  + . .     Gourm    +     R - +8 chain mail of Nahaisag {*Corrode rC+ MP+9}
rNeg   + . .     Faith    .     A - +2 shield
rPois  ∞         Spirit   .     J - +0 helmet
rElec  +         Dismiss  .     y - +0 cloak
rCorr  .         Reflect  .     Y - +2 pair of gloves "Roucoff" {Int+4}
SustAt .         Harm     .     f - +0 pair of boots
MR     +++..     NoTele   +     U - amulet "Gailaud" {Gourm -Tele rF+ Dex+4}
Stlth  ..........               (no ring)
                                M - +6 ring of dexterity

@: flying, regenerating, extremely resistant to hostile enchantments, extremely
unstealthy
A: big wings, negative energy resistance 1, electricity resistance, unbreathing,
petrification resistance, rot immunity, AC +15
a: Stop Flying, Berserk, Trog's Hand, Brothers in Arms, Burn Spellbooks,
Renounce Religion
}: 2/15 runes: decaying, gossamer


You were on level 1 of the Depths.
You worshipped Trog.
Trog was exalted by your worship.
You were very full.

You visited 7 branches of the dungeon, and saw 36 of its levels.
You visited the Abyss 3 times.
You also visited: Labyrinth, Ossuary, Ice Cave and Volcano.

You collected 3977 gold pieces.
You spent 1067 gold pieces at shops.

Inventory:

Hand Weapons
 a - the +11 morningstar "Eos" (weapon) {elec, -Tele rElec SInv}
   (You found it in a labyrinth)

   Occasionally, upon striking a foe, it will discharge some electrical energy
   and cause terrible harm.
   It insulates you from electricity.
   It lets you see invisible.
   It prevents most forms of teleportation.
 b - a +4 antimagic mace
 p - the +9 hand axe "Worm's Wrath" {flame, *Drain rC++, unknown}
   (You found it on level 3 of the Abyss)

   It has been specially enchanted to burn those struck by it, causing extra
   injury to most foes and up to half again as much damage against particularly
   susceptible opponents.
   Big, fiery blades are also staple armaments of hydra-hunters.
   It greatly protects you from cold.
   It causes draining when unequipped.
 x - a +1 antimagic demon whip
Armour
 f - a +0 pair of boots (worn)
 y - a +0 cloak (worn)
 A - a +2 shield (worn)
 J - a +0 helmet (worn)
 R - the +8 chain mail of Nahaisag (worn) {*Corrode rC+ MP+9}
   (You found it on level 2 of the Lair of Beasts)

   It protects you from cold.
   It affects your magic capacity (+9).
   It may corrode you when you take damage.
 Y - the +2 pair of gloves "Roucoff" (worn) {Int+4}
   (You bought it in a shop on level 1 of the Vaults)

   It affects your intelligence (+4).
Jewellery
 k - an uncursed ring of see invisible
 u - an uncursed amulet of regeneration
 w - an uncursed ring of protection from magic
 H - a cursed -3 ring of intelligence
 L - an uncursed ring of sustain attributes
 M - a +6 ring of dexterity (left hand)
 U - the amulet "Gailaud" (around neck) {Gourm -Tele rF+ Dex+4}
   (You found it on level 5 of the Lair of Beasts)

   [amulet of the gourmand]

   It allows you to eat raw meat even when not hungry.
   It affects your dexterity (+4).
   It protects you from fire.
   It prevents most forms of teleportation.
Wands
 g - a wand of flame (34/48)
 o - a wand of slowing (20/48)
 K - a wand of iceblast (7/15)
 O - a wand of digging (8/24)
 S - a wand of heal wounds (5/9)
 T - a wand of teleportation (1/9)
 V - a wand of lightning (10/15)
 W - a wand of paralysis (12/24)
 Z - a wand of slowing (15/48)
Scrolls
 c - a scroll of acquirement
 e - 3 scrolls of recharging
 j - 18 scrolls of teleportation
 l - 7 scrolls of fear
 q - 15 scrolls of remove curse
 B - 2 scrolls of fog
 C - 19 scrolls of identify
 E - a scroll of enchant weapon
 F - a scroll of torment
 I - 7 scrolls of blinking
 N - a scroll of brand weapon
 Q - 4 scrolls of magic mapping
Potions
 d - 8 potions of haste
 n - 21 potions of curing
 t - a potion of magic
 z - 5 potions of heal wounds
 G - 3 potions of cancellation
 P - 2 potions of resistance
Miscellaneous
 h - a lamp of fire
 X - a stone of tremors
Comestibles
 i - a slice of pizza
 m - a royal jelly
 r - 4 bread rations
 s - 23 meat rations
 v - 2 beef jerkies
 D - 22 fruits


   Skills:
 + Level 18.4 Fighting
 - Level 18.2 Maces & Flails
 + Level 14.0 Armour
 + Level 12.2 Dodging
 + Level 20.2 Shields
 + Level 0.1 Evocations


You had 20 spell levels left.
You didn't know any spells.

Dungeon Overview and Level Annotations

Branches:
Dungeon (15/15)            Temple (0/1) D:7            Lair (8/8) D:10
  Swamp (4/4) Lair:3       Spider (4/4) Lair:5        Slime (0/6) Lair:8
    Orc (2/2) D:9             Elf (0/3) Orc:2        Vaults (1/5) D:14
 Depths (2/5) D:15

Altars:
Ashenzari
Cheibriados
Dithmenos
Elyvilon
Fedhas
Gozag
Makhleb
Nemelex Xobeh
Okawaru
Pakellas
Ru
Sif Muna
Trog
Vehumet
Xom
The Shining One

Shops:
D:4 (!%%   D:7 :   D:9 ((*   D:15 %   Orc:2 :!(?   Vaults:1 [   Depths:1 *

Portals:
Hell: Depths:1
Abyss: Depths:1
Pandemonium: Orc:2
Ziggurat: Depths:1

Annotations:
D:8 exclusions: obsidian statue and orange crystal statue
Depths:1 exclusions: ancient lich, lich and 2 more exclusions, the Enchantress


Innate Abilities, Weirdness & Mutations

You are resistant to torment.
Your stone body is resilient (AC +15).
You are immune to poison.
Your large and strong wings let you fly indefinitely.
You resist negative energy.
You are resistant to electric shocks.
You can survive without breathing.
You are immune to petrification.
You are immune to rotting.


Message History

You block the spriggan berserker's attack.
A spriggan rider comes into view. It is wielding a spear.
Your skin crawls.
You feel resistant to hostile enchantments.
You feel slightly less full. You block the jiangshi's attack. x2
The spriggan berserker hits you with an antimagic quarterstaff!
You feel your power leaking away.
The spriggan defender throws a stone.
The stone hits you.
The Enchantress hits you but does no damage.
You block the jiangshi's attack. The jiangshi barely misses you.
The spriggan berserker hits you with an antimagic quarterstaff!!
* * * LOW HITPOINT WARNING * * *
You feel your power leaking away.
A spriggan defender comes into view.
It is wielding a demon whip of draining.
The spriggan defender throws a stone.
You block the stone.
The Enchantress points at you and mumbles some strange words.
You resist with almost no effort.
The spriggan air mage waves its arms in wide circles.
The air twists around and violently strikes you in flight!
You die...

....≈≈.....≈..≈.....##..........≈
...(...........>.(.....().......≈
#.#......#.##..........#..:......
####...####.#..(.......######....
#>...#####(##))#.###............
#...####(>...))####.....≈≈......
#.### #...((............≈≈≈≈≈...
#.# ##..........Vi.i|.≈≈≈≈≈...
#.# ##.#....@ii.i(.i.....≈... #.#
###......V....†.....≈... #.#
#......i..............
#.##############..............#.
#.#≈≈≈≈§§§######..............#.
#.#########§≈≈##................
#.#.......#.§§§#................
#!........'§∩§§#...≈.∩._.≈......
###.......#..§§#................


You could see the Enchantress (invisible), 2 spriggan defenders, 2 jiangshi, 2
spriggan riders, a spriggan berserker (berserk) and a spriggan air mage.

Vanquished Creatures
  Saint Roka (Vaults:1)
  Arachne (Spider:3)
  Rupert (Lair:4)
  A tentacled monstrosity (Swamp:4)
  2 tentacled starspawn
  Kirke (Swamp:2)
  6 thorn hunters
  Wiglaf (Spider:3)
  Maud (Lair:7)
  5 ghost moths
  2 vault wardens (Vaults:1)
  A deep elf sorcerer (Vaults:1)
  12 emperor scorpions
  2 frost giants
  A balrug (Abyss:3)
  2 ironheart preservers (Vaults:1)
  A stone giant (Depths:1)
  5 very ugly things
  A deep elf demonologist (Vaults:1)
  Azrael (Spider:3)
  A dire elephant (D:15)
  2 spark wasps
  2 deep elf death magi (Vaults:1)
  5 ettins
  A merfolk javelineer (Depths:1)
  Josephine (D:11)
  A minotaur (Lab)
  Snorg (Lair:4)
  4 vault guards
  3 yaktaur captains
  6 entropy weavers
  23 hydras
  A rakshasa (Depths:1)
  3 fire dragons
  A catoblepas (D:13)
  6 centaur warriors
  3 ghost crabs
  3 death knights
  Erolcha (D:9)
  Erica (D:10)
  5 ogre magi
  8 death yaks
  3 alligators
  4 tengu warriors
  8 thrashing horrors
  A deep troll shaman (D:15)
  4 orc high priests (Orc:2)
  Urug (Lair:1)
  2 soul eaters (Orc:2)
  A vampire mage (Depths:1)
  3 deep elf knights (Vaults:1)
  2 sun demons (Abyss:3)
  The ghost of Chiseanne the Envoy of Void, a novice CeAK of Lugonu (D:8)
  A wretched star (Abyss:3)
  4 large abominations
  2 spriggan druids (Swamp:4)
  2 unseen horrors (D:15)
  3 deep trolls
  2 flayed ghosts
  13 swamp dragons
  3 wizards
  A giant orange brain (Abyss:3)
  An ironbrand convoker (Vaults:1)
  11 hill giants
  3 shambling mangroves
  3 deep elf archers (Vaults:1)
  6 orc knights
  3 deep elf magi
  11 orb spiders
  2 necromancers (D:14)
  47 wolf spiders
  6 orc sorcerers (Orc:2)
  12 ugly things
  7 hornets
  2 manticores
  7 cyclopes
  6 griffons
  A sixfirhy (Abyss:3)
  33 slime creatures
  A moth of wrath (Spider:3)
  A salamander (Lair:7)
  6 elephants (Lair:8)
  A centaur zombie (D:14)
  An ice statue (IceCv)
  A molten gargoyle (Lair:7)
  7 black mambas
  An orange demon (Abyss:2)
  2 torpor snails
  2 smoke demons
  A stone giant skeleton (Abyss:2)
  A black mamba (shapeshifter) (Vaults:1)
  2 vault sentinels (Vaults:1)
  A guardian serpent (Lair:8)
  Maurice (D:13)
  A gargoyle (D:12)
  3 centaur skeletons
  33 spiny frogs
  7 komodo dragons
  An efreet (D:15)
  15 yaktaurs
  A hellion (Abyss:2)
  5 freezing wraiths
  14 demonic crawlers
  7 rime drakes
  An ancient zyme (Abyss:3)
  A tengu conjurer (Depths:2)
  A minotaur zombie (Lab)
  10 trolls
  23 polar bears
  2 raiju (Lair:8)
  6 giant leeches
  36 jumping spiders
  10 bog bodies
  A harpy skeleton (D:15)
  8 blink frogs
  11 two-headed ogres
  A centaur simulacrum (D:15)
  3 spriggans
  4 water elementals (Depths:1)
  84 redbacks
  4 shadows
  9 starcursed masses (Abyss:3)
  21 humans (D:14)
  A vampire (D:15)
  2 ynoxinuls
  37 tarantellas
  3 hogs (Swamp:2)
  2 fire bats (Volcano)
  80 yaks
  16 wyverns
  6 wraiths
  2 fire elementals (Spider:2)
  A hungry ghost (D:14)
  A human (shapeshifter) (Vaults:1)
  13 basilisks
  2 steam dragons
  4 small abominations
  45 vampire mosquitoes
  10 wargs
  22 hippogriffs
  2 mottled dragons
  A soldier ant (D:15)
  18 swamp worms
  16 insubstantial wisps
  9 porcupines
  10 hell hounds
  23 water moccasins
  6 swamp drakes
  4 ice beasts
  29 ogres
  3 sky beasts (D:8)
  16 black bears
  18 wasps
  A necrophage (D:9)
  40 orc warriors
  4 phantoms
  29 wolves
  2 eyes of draining
  9 centaurs
  15 crocodiles
  9 big kobolds
  Blork the orc (D:4)
  24 giant frogs
  4 gnoll sergeants
  A wyvern zombie (D:14)
  2 scorpions (D:4)
  A wyvern skeleton (D:8)
  17 wights
  2 electric eels
  7 howler monkeys
  8 lava snakes
  5 crimson imps
  3 giant frog zombies
  5 jellies
  13 hounds
  22 orc priests
  3 quasits
  11 iguanas
  15 orc wizards
  15 worker ants
  16 sheep
  A hound skeleton (D:8)
  4 hound zombies
  A howler monkey zombie (D:5)
  4 worker ant zombies
  7 gnolls
  24 adders
  56 river rats
  3 shadow imps
  2 oozes
  2 adder skeletons
  2 adder zombies (Ossuary)
  A worm (D:8)
  7 dart slugs
  6 giant geckos
  94 orcs
  3 ball pythons
  7 giant cockroaches
  3 goblins
  5 hobgoblins
  15 jackals
  49 kobolds
  5 quokkas
  A bat (D:2)
  4 giant newts
  2 kobold zombies (Ossuary)
  2 orc skeletons (Ossuary)
  An orc zombie (Ossuary)
  8 rats
  8 briar patches
  4 plants
  2 starspawn tentacles (Abyss:2)
1723 creatures vanquished.

Vanquished Creatures (collateral kills)
  An infernal demonspawn (Orc:2)
  An orc sorcerer (Orc:2)
2 creatures vanquished.

Vanquished Creatures (others)
  A giant leech (Swamp:3)
  A human (Swamp:2)
  A yak (IceCv)
  A hell hound (Abyss:2)
  A swamp drake (Swamp:4)
  A wolf (IceCv)
  11 briar patches
  11 fungi
  22 plants (Lair:8)
  7 starspawn tentacles
  141 starspawn tentacle segments
198 creatures vanquished.

Grand Total: 1923 creatures vanquished

Notes
Turn   | Place    | Note
--------------------------------------------------------------
     0 | D:1      | theElss the Gargoyle Berserker began the quest for the Orb.
     0 | D:1      | Reached XP level 1. HP: 14/14 MP: 1/1
    52 | D:1      | Reached XP level 2. HP: 12/19 MP: 2/2
   343 | D:1      | Reached XP level 3. HP: 24/24 MP: 3/3
   397 | D:1      | Reached ** piety under Trog
  1230 | D:2      | Reached XP level 4. HP: 20/29 MP: 4/4
  1853 | D:2      | Found a blossoming altar of Fedhas.
  2053 | D:3      | Reached XP level 5. HP: 28/33 MP: 5/5
  2157 | D:3      | Reached *** piety under Trog
  2174 | D:3      | Found a shadowy altar of Dithmenos.
  2506 | D:4      | Noticed Blork the orc
  2516 | D:4      | Killed Blork the orc
  2604 | D:4      | Noticed a phantom
  2623 | D:4      | Found Ussocyurr's Food Emporium.
  2660 | D:4      | Reached XP level 6. HP: 28/39 MP: 6/6
  2662 | D:4      | Killed a phantom
  2735 | D:4      | Found Vunimof's Food Shop.
  2808 | D:4      | Found Sogeipei's Distillery.
  2840 | D:4      | Bought a potion of curing for 30 gold pieces
  2840 | D:4      | Bought a potion of heal wounds for 50 gold pieces
  2840 | D:4      | Bought a potion of lignification for 30 gold pieces
  3057 | D:4      | Reached XP level 7. HP: 40/44 MP: 7/7
  3077 | D:4      | Found a shattered altar of Ashenzari.
  3121 | D:4      | Found a shimmering altar of Xom.
  3172 | D:4      | Found Umaeng's Weapon Shop.
  3278 | D:4      | Found a sacrificial altar of Ru.
  3336 | D:5      | Entered Level 5 of the Dungeon
  3556 | D:5      | Reached skill level 5 in Maces & Flails
  3612 | D:5      | Reached skill level 5 in Armour
  3697 | D:5      | Reached skill level 5 in Fighting
  3697 | D:5      | Reached XP level 8. HP: 48/49 MP: 8/8
  4272 | D:5      | Found a burning altar of Makhleb.
  4599 | D:6      | Reached **** piety under Trog
  4659 | D:6      | Found a glowing golden altar of the Shining One.
  4889 | D:6      | Found a sand-covered staircase.
  4899 | Ossuary  | Entered an ossuary
  5027 | Ossuary  | Reached skill level 5 in Dodging
  5050 | Ossuary  | Noticed a wraith
  5050 | Ossuary  | Noticed a flying skull
  5147 | Ossuary  | Noticed a flying skull
  5164 | Ossuary  | Noticed a flying skull
  5170 | Ossuary  | Noticed a wraith
  5188 | Ossuary  | Killed a wraith
  5210 | Ossuary  | Noticed a wraith
  5223 | Ossuary  | Killed a wraith
  5223 | Ossuary  | Reached XP level 9. HP: 51/55 MP: 9/9
  5396 | D:6      | Found an oddly glowing altar of Pakellas.
  5449 | D:6      | Found a sparkling altar of Nemelex Xobeh.
  5449 | D:6      | Found a white marble altar of Elyvilon.
  5507 | D:6      | Found a bloodstained altar of Trog.
  5801 | D:6      | Found an opulent altar of Gozag.
  6316 | D:7      | Found Isoepp's Book Shop.
  6332 | D:7      | Found a staircase to the Ecumenical Temple.
  6825 | D:7      | Found a deep blue altar of Sif Muna.
  7330 | D:8      | Reached skill level 1 in Shields
  7570 | D:8      | Found a snail-covered altar of Cheibriados.
  7635 | D:8      | Reached skill level 2 in Shields
  7872 | D:8      | Reached ***** piety under Trog
  7883 | D:8      | Noticed an orange crystal statue
  7999 | D:8      | Reached XP level 10. HP: 52/63 MP: 10/10
  8032 | D:8      | Reached skill level 3 in Shields
  8181 | D:8      | Noticed Chiseanne's ghost (novice CeAK)
  8202 | D:8      | Killed Chiseanne's ghost
  8202 | D:8      | Reached skill level 4 in Shields
  8233 | D:8      | Found a radiant altar of Vehumet.
  8309 | D:8      | Noticed an obsidian statue
  8524 | D:8      | Reached skill level 5 in Shields
  8755 | D:9      | Found Jerrur's Weapon Shoppe.
  8757 | D:9      | Noticed Erolcha
  8762 | D:9      | Found Sodip's Weapon Emporium.
  9101 | D:8      | Reached skill level 6 in Shields
  9423 | D:9      | Killed Erolcha
  9423 | D:9      | Reached skill level 7 in Shields
  9423 | D:9      | Reached XP level 11. HP: 68/68 MP: 11/11
  9805 | D:9      | Received a gift from Trog
 10034 | D:9      | Found Uxzyrak's Assorted Antiques.
 10161 | D:9      | Found a staircase to the Orcish Mines.
 10192 | D:9      | Found a shimmering altar of Xom.
 10234 | D:9      | Reached skill level 8 in Shields
 10275 | D:9      | Noticed a hill giant
 10288 | D:9      | Killed a hill giant
 10447 | D:10     | Entered Level 10 of the Dungeon
 10447 | D:10     | Found an iron altar of Okawaru.
 10447 | D:10     | Noticed a hill giant
 10449 | D:10     | Noticed Erica
 10496 | D:10     | Killed a hill giant
 10510 | D:10     | Killed Erica
 10544 | D:10     | Reached skill level 9 in Shields
 10561 | D:10     | Noticed a hill giant
 10569 | D:10     | Killed a hill giant
 11082 | D:10     | Found a staircase to the Lair.
 11361 | D:11     | Got a jewelled battleaxe
 11437 | D:11     | Noticed Josephine
 11473 | D:11     | Killed Josephine
 11473 | D:11     | Reached skill level 10 in Maces & Flails
 11583 | D:11     | Reached skill level 10 in Shields
 11996 | D:11     | Reached XP level 12. HP: 69/75 MP: 4/12
 12137 | D:11     | Received a gift from Trog
 12429 | Lair:1   | Entered Level 1 of the Lair of Beasts
 12759 | Lair:1   | Noticed a seven-headed hydra
 12776 | Lair:1   | Killed a seven-headed hydra
 12937 | Lair:1   | Reached skill level 11 in Shields
 13574 | Lair:1   | Noticed Urug
 13587 | Lair:1   | Killed Urug
 14064 | D:4      | Bought 2 potions of berserk rage for 100 gold pieces
 14064 | D:4      | Bought a potion of degeneration for 10 gold pieces
 14064 | D:4      | Bought a potion of mutation for 25 gold pieces
 14064 | D:4      | Bought a potion of invisibility for 80 gold pieces
 14064 | D:4      | Bought a potion of ambrosia for 80 gold pieces
 14064 | D:4      | Bought 2 potions of agility for 80 gold pieces
 14064 | D:4      | Bought a potion of cancellation for 80 gold pieces
 14263 | Lair:2   | Received a gift from Trog
 14435 | Lair:2   | Got a brightly glowing chain mail
 15486 | Lair:3   | Reached skill level 10 in Fighting
 15608 | Lair:3   | Found a staircase to the Swamp.
 15621 | Lair:3   | Reached skill level 12 in Shields
 15629 | Lair:3   | Reached XP level 13. HP: 78/82 MP: 4/13
 15987 | Lair:4   | Noticed Snorg
 16001 | Lair:4   | Killed Snorg
 16164 | Lair:4   | Noticed Rupert
 16218 | Lair:4   | Killed Rupert
 16305 | Lair:4   | Found a frozen archway.
 16471 | IceCv    | Entered an ice cave
 17082 | IceCv    | Reached skill level 13 in Shields
 17201 | IceCv    | Reached skill level 10 in Armour
 17229 | IceCv    | Noticed a frost giant
 17286 | IceCv    | Killed a frost giant
 17463 | Lair:4   | Gained mutation: Your large and strong wings let you fly indefinitely. [Gargoyle growth]
 17463 | Lair:4   | Reached XP level 14. HP: 87/90 MP: 4/14
 17476 | Lair:4   | Received a gift from Trog
 17999 | Lair:5   | Found a hole to the Spider Nest.
 18344 | Lair:5   | Got a warped bone amulet
 18353 | Lair:5   | Identified the amulet "Gailaud" {Gourm -Tele rF+ Dex+4} (You found it on level 5 of the Lair of Beasts)
 18368 | Lair:5   | Identified the +8 chain mail of Nahaisag {*Corrode rC+ MP+9} (You found it on level 2 of the Lair of Beasts)
 19250 | Lair:5   | Reached skill level 14 in Shields
 20045 | Lair:7   | Noticed Maud
 20062 | Lair:7   | Killed Maud
 20184 | Lair:7   | Reached ****** piety under Trog
 20203 | Lair:7   | Received a gift from Trog
 20928 | Lair:8   | Entered Level 8 of the Lair of Beasts
 21209 | Lair:8   | Reached XP level 15. HP: 97/97 MP: 8/15
 21325 | Lair:8   | Received a gift from Trog
 21716 | Lair:8   | Got a dazzling scale mail
 21727 | Lair:8   | Identified the +1 scale mail of Broken Taboos {MR+ Str+2} (You found it on level 8 of the Lair of Beasts)
 21886 | Lair:8   | Reached skill level 15 in Shields
 22308 | Lair:8   | Received a gift from Trog
 22420 | Lair:8   | Got a polished great mace
 22460 | Lair:8   | Identified the +2 great mace of Duty {vamp, Str+2} (You found it on level 8 of the Lair of Beasts)
 22765 | Lair:8   | Found a staircase to the Slime Pits.
 23088 | Lair:8   | Received a gift from Trog
 23496 | Orc:1    | Entered Level 1 of the Orcish Mines
 23886 | Orc:1    | Found a dark tunnel.
 23891 | Volcano  | Entered a volcano
 24135 | Volcano  | Found a burning altar of Makhleb.
 24301 | Orc:2    | Entered Level 2 of the Orcish Mines
 24301 | Orc:2    | Found a staircase to the Elven Halls.
 25219 | Orc:2    | Received a gift from Trog
 25229 | Orc:2    | Got an ichor-stained great mace {god gift}
 25486 | Orc:2    | Found Jeost's Magic Scroll Shop.
 25693 | Orc:2    | Found Tacenak's Distillery.
 25880 | Orc:2    | Bought a potion of resistance for 170 gold pieces
 26028 | Orc:2    | Reached skill level 15 in Maces & Flails
 26074 | Orc:2    | Reached XP level 16. HP: 73/104 MP: 16/16
 26744 | Orc:2    | Found Axiepnol's Antique Weapon Emporium.
 26744 | Orc:2    | Found Mogi Say's Book Shoppe.
 26745 | Orc:2    | Found a one-way gate leading to the halls of Pandemonium.
 26903 | Lair:2   | Identified the +7 great mace of the Nexus {crush, Stlth+} (Trog gifted it to you on level 2 of the Orcish Mines)
 26908 | Lair:2   | Identified the +3 battleaxe "Soneg" {venom, MP+9 Str+3 Int+6} (You found it on level 11 of the Dungeon)
 27023 | D:12     | Found a labyrinth entrance.
 27038 | Lab      | Entered a labyrinth
 27933 | Lab      | Got a fabulously ornate robe
 28119 | D:12     | Received a gift from Trog
 29555 | D:13     | Noticed Maurice
 29560 | D:13     | Killed Maurice
 29787 | D:13     | You are sucked into a shaft!
 30653 | D:14     | Found a gate to the Vaults.
 31152 | D:15     | Entered Level 15 of the Dungeon
 31390 | D:15     | Received a gift from Trog
 31641 | D:15     | Found a staircase to the Depths.
 31663 | D:15     | Reached XP level 17. HP: 107/112 MP: 17/17
 31691 | D:15     | Found Zomm's Food Boutique.
 32138 | Swamp:1  | Entered Level 1 of the Swamp
 33100 | Swamp:2  | Reached skill level 15 in Fighting
 33640 | Swamp:2  | Noticed Kirke
 33660 | Swamp:2  | Killed Kirke
 34028 | Swamp:3  | Received a gift from Trog
 34480 | Swamp:3  | Identified 2 scrolls of acquirement
 34921 | Swamp:4  | Entered Level 4 of the Swamp
 34966 | Swamp:4  | Reached skill level 10 in Dodging
 35629 | Swamp:4  | Reached XP level 18. HP: 89/120 MP: 18/18
 36177 | Swamp:4  | Noticed a tentacled monstrosity
 36236 | Swamp:4  | Killed a tentacled monstrosity
 36994 | Swamp:4  | Got a decaying rune of Zot
 37740 | Spider:1 | Entered Level 1 of the Spider Nest
 37743 | Spider:1 | Received a gift from Trog
 37935 | Spider:1 | Reached skill level 16 in Shields
 38677 | Spider:2 | Received a gift from Trog
 39137 | Spider:3 | Noticed Azrael
 39837 | Spider:3 | Killed Azrael
 39942 | Spider:3 | Reached XP level 19. HP: 127/127 MP: 19/19
 40021 | Spider:3 | Received a gift from Trog
 40230 | Spider:2 | Reached skill level 17 in Shields
 40420 | Spider:3 | Noticed Arachne
 40528 | Spider:3 | Killed Arachne
 40821 | Spider:3 | Noticed Wiglaf
 40834 | Spider:3 | Killed Wiglaf
 41130 | Spider:4 | Entered Level 4 of the Spider Nest
 41564 | Spider:3 | Received a gift from Trog
 42890 | Spider:4 | Reached skill level 18 in Shields
 43105 | Spider:4 | Got a gossamer rune of Zot
 43582 | Vaults:1 | Entered Level 1 of the Vaults
 43862 | Vaults:1 | Received a gift from Trog
 44158 | Vaults:1 | Cast into level 2 of the Abyss (a deep elf demonologist)
 44287 | Abyss:2  | Reached XP level 20. HP: 107/134 MP: 20/20
 44336 | Abyss:2  | Found a corrupted altar of Lugonu.
 44345 | Vaults:1 | Escaped the Abyss
 44620 | Vaults:1 | Noticed Saint Roka
 44636 | Vaults:1 | Cast into level 3 of the Abyss (an ogre mage)
 44646 | Abyss:3  | Got a brightly glowing hand axe
 44778 | Abyss:3  | Reached skill level 19 in Shields
 44794 | Abyss:3  | Received a gift from Trog
 44823 | Abyss:3  | Paralysed by accursed screaming for 1 turns
 44946 | Vaults:1 | Escaped the Abyss
 45424 | Vaults:1 | Killed Saint Roka
 45717 | Vaults:1 | Found Oduxox's Antique Armour Shoppe.
 45725 | Vaults:1 | Bought a pair of smoking gloves for 332 gold pieces
 45745 | Vaults:1 | Identified the +2 pair of gloves "Roucoff" {Int+4} (You bought it in a shop on level 1 of the Vaults)
 45957 | Vaults:1 | Received a gift from Trog
 46039 | Vaults:1 | Cast into level 2 of the Abyss (an ogre mage)
 46152 | Vaults:1 | Escaped the Abyss
 46301 | Depths:1 | Entered Level 1 of the Depths
 46581 | Depths:1 | Found a gateway to Hell.
 46957 | Depths:1 | Reached skill level 20 in Shields
 47237 | Depths:1 | Found a burning altar of Makhleb.
 47253 | Depths:1 | Found Haicoff's Blasphemy Boutique.
 47444 | Depths:1 | Found a gateway to a ziggurat.
 47444 | Depths:1 | Noticed a lich
 47444 | Depths:1 | Noticed an ancient lich
 47445 | Depths:1 | Noticed an ancient lich
 47526 | Depths:1 | Found a one-way gate to the infinite horrors of the Abyss.
 47609 | Depths:1 | Reached XP level 21. HP: 117/142 MP: 21/21
 47682 | Depths:1 | Noticed the Enchantress
 47690 | Depths:1 | Killed from afar by a spriggan air mage

Skill      XL: |  1  2  3  4  5  6  7  8  9 10 11 12 13 14 15 16 17 18 19 20 |
---------------+-------------------------------------------------------------+-----
Dodging        | 2 3 4 5 6 7 8 9 10 11 12 | 12.2
Fighting       | 4 5 6 7 8 10 11 12 13 14 15 16 17 18 | 18.4
Maces & Flails | 4 5 6 7 9 10 11 12 13 15 16 17 18 | 18.2
Armour         | 4 5 6 8 9 10 11 12 13 14 | 14.0
Shields        | 2 7 10 12 13 14 15 16 18 20 | 20.2
Evocations     | |  0.1

Action                   |  1- 3 |  4- 6 |  7- 9 | 10-12 | 13-15 | 16-18 | 19-21 || total
-------------------------+-------+-------+-------+-------+-------+-------+-------++-------
Melee: Mace              |   122 |   188 |   256 |       |       |       |       ||   566
       Morningstar       |       |       |   431 |   295 |   715 |  1620 |  1226 ||  4287
       Demon whip        |       |       |       |   861 |  1942 |       |       ||  2803
       Great mace        |       |       |       |       |    45 |       |       ||    45
Invok: Berserk           |     2 |     2 |     4 |     9 |     7 |     3 |     5 ||    32
       Brothers in Arms  |       |       |       |       |       |     1 |     1 ||     2
       Trog's Hand       |       |       |       |       |       |     1 |     3 ||     4
 Abil: Fly               |       |       |       |       |     1 |     2 |       ||     3
Evoke: Wand              |       |       |       |       |     2 |       |       ||     2
  Use: Scroll            |       |       |       |    18 |     8 |     1 |     1 ||    28
       Potion            |       |       |       |       |     1 |     1 |     3 ||     5
 Stab: Confused          |       |       |       |       |       |     1 |       ||     1
       Held in net/web   |       |       |       |       |       |     1 |       ||     1
  Eat: Chunk             |     3 |     8 |    17 |    35 |    62 |    53 |    30 ||   208
       Pizza             |       |       |     3 |       |       |       |       ||     3
Armor: Animal skin       |    43 |     5 |       |       |       |       |       ||    48
       Scale mail        |       |    82 |   184 |    31 |   152 |       |       ||   449
       Skin              |       |     1 |       |       |       |       |       ||     1
       Chain mail        |       |       |   201 |   344 |   406 |   900 |   547 ||  2398
       Plate armour      |       |       |       |   148 |       |       |       ||   148
Dodge: Dodged            |    83 |    97 |   335 |   299 |  1106 |   929 |   639 ||  3488
Block: Shield            |       |       |    59 |   596 |  1411 |  1370 |  1265 ||  4701
